 Dungeon Crawl Stone Soup version 0.26.1-11-gd32895ea62 (webtiles) character file.

Game seed: 13696922150565899789

389 jifgo the Magician (level 6, -2/35 HPs)
             Began as a Deep Elf Fire Elementalist on May 11, 2021.
             Killed by divine providence
             ... invoked by an orc priest
              (12 damage)
             ... on level 4 of the Dungeon.
             The game lasted 00:06:38 (3714 turns).

jifgo the Magician (Deep Elf Fire Elementalist)     Turns: 3714, Time: 00:06:38

Health: -2/35      AC:  7    Str:  5    XL:     6   Next: 50%
Magic:  14/15      EV: 14    Int: 22    God:
Gold:   194        SH:  0    Dex: 15    Spells: 5/14 levels left

rFire    . . .     SeeInvis .   l - +0 dagger
rCold    . . .     Faith    .   (no shield)
rNeg     . . .     Spirit   .   a - +0 robe
rPois    .         Reflect  .   e - +2 hat
rElec    .         Harm     .   j - +2 cloak
rCorr    .         Rampage  .   (no gloves)
Will     .....                  (no boots)
Stlth    +++.......             (no amulet)
HPRegen  0.11/turn              (no ring)
MPRegen  0.14/turn              (no ring)

@: no status effects
A: no striking features
a: no special abilities


You were on level 4 of the Dungeon.
You visited 1 branch of the dungeon, and saw 4 of its levels.

You collected 194 gold pieces.

Inventory:

Hand Weapons
 l - a +0 dagger (weapon)
Missiles
 g - 23 poisoned darts
 p - 3 javelins
Armour
 a - a +0 robe (worn)
 e - a +2 hat (worn)
 j - a +2 cloak (worn)
Jewellery
 t - an uncursed ring of protection from cold {unknown}
Wands
 r - a wand of acid (2)
 u - a wand of digging (4)
Scrolls
 b - 6 scrolls of identify {unknown}
 d - 2 scrolls of magic mapping {unknown}
 f - a scroll of random uselessness {unknown}
 h - 3 scrolls of remove curse {unknown}
 m - a scroll of fear {unknown}
 n - 2 scrolls of enchant weapon {unknown}
 o - 2 scrolls of amnesia {unknown}
 q - a scroll of blinking {unknown}
 s - a scroll of fog {unknown}
 v - 2 scrolls of teleportation {unknown}
Potions
 c - a potion of haste {unknown}
 i - 3 potions of degeneration {unknown}
 k - a potion of lignification {unknown}


   Skills:
 + Level 1.9 Fighting
 + Level 4.0 Dodging
 + Level 4.4 Stealth
 + Level 4.6 Spellcasting
 + Level 2.8 Conjurations
 + Level 4.4 Fire Magic


You had 5 spell levels left.
You knew the following spells:

 Your Spells              Type           Power        Failure   Level
a - Conjure Flame         Conj/Fire      21%          7%          3
b - Fireball              Conj/Fire      10%          54%         5
x - Foxfire               Conj/Fire      84%          2%          1

Your spell library contained the following spells:

 Spells                   Type           Power        Failure   Level
 Animate Skeleton         Necr           10%          11%         1
 Pain                     Necr           20%          11%         1
 Inner Flame              Hex/Fire       14%          13%         3
 Sticky Flame             Conj/Fire      21%          24%         4
 Vampiric Draining        Necr           2%           32%         3
 Animate Dead             Necr           2%           71%         4
 Agony                    Necr           5%           96%         5


Dungeon Overview and Level Annotations

Branches:
Dungeon (4/15)
 Temple: D:4-7

Altars:
Elyvilon
Gozag
Trog


Message History

The orc is almost dead.
The foxfire hits the orc wizard.
The orc wizard is severely wounded.
Casting: Foxfire (safe; 2% risk of failure)
Confirm with . or Enter, or press ? or * to list all spells.
You conjure some foxfire!
The orc wizard casts a spell at you.
The puff of flame hits you but does no damage.
The foxfire hits the orc wizard!
You kill the orc wizard!
The foxfire hits the orc.
You kill the orc!
The orc priest mumbles some strange prayers to Beogh against you.
Pain shoots through your body!
The orc priest invokes the aid of Beogh against you.
Beogh smites you!
* * * LOW HITPOINT WARNING * * *
The orc priest calls down the wrath of Beogh upon you.
Beogh smites you!
You die...

#.....)......O......#
...
#......).......######
#..............#
#.........O....#
#........o##...#
#.........##...#
#########.###### #.#
#@# #.# #.#####
#...<.# #######


You could see an ogre and an orc priest.

Vanquished Creatures
  An ogre (D:4)
  A hound (D:4)
  2 orc wizards (D:4)
  An iguana (D:3)
  3 gnolls (D:4)
  6 adders
  3 dart slugs
  A leopard gecko (D:3)
  8 orcs
  2 ball pythons
  7 bats
  3 giant cockroaches
  15 goblins
  15 hobgoblins
  4 jackals (D:2)
  2 quokkas (D:4)
  A ball python skeleton (D:4)
  5 frilled lizards
  13 kobolds
  2 rats
95 creatures vanquished.

Vanquished Creatures (others)
  272 foxfires
272 creatures vanquished.

Grand Total: 367 creatures vanquished

Notes
Turn   | Place    | Note
-------+----------+-------------------------------------------
     0 | D:1      | jifgo the Deep Elf Fire Elementalist began the quest for
                  | the Orb.
     0 | D:1      | Reached XP level 1. HP: 10/10 MP: 6/6
    52 | D:1      | Reached XP level 2. HP: 15/15 MP: 2/8
   450 | D:1      | Reached XP level 3. HP: 20/20 MP: 6/9
   454 | D:1      | Learned a level 3 spell: Conjure Flame
  1170 | D:2      | Reached XP level 4. HP: 24/24 MP: 6/11
  1223 | D:2      | Found a bloodstained altar of Trog.
  1377 | D:2      | Reached skill level 1 in Fighting
  1697 | D:2      | Found an opulent altar of Gozag.
  2484 | D:3      | Found a white marble altar of Elyvilon.
  2597 | D:3      | Reached XP level 5. HP: 29/29 MP: 8/13
  3241 | D:4      | Noticed an ogre
  3394 | D:4      | Killed an ogre
  3395 | D:4      | Reached XP level 6. HP: 35/35 MP: 4/14
  3401 | D:4      | Learned a level 5 spell: Fireball
  3714 | D:4      | Killed from afar by an orc priest

Illustrated notes

Levels and vault maps discovered:
D:1:      psy_arrival_radial01, layout_rooms, serial_bayou_lagoon_a
D:2:      layout_rooms, nicolae_gozag_seed_capital, st_stairs_8,
          trog_hazing_becter
D:3:      layout_basic, elyvilon_altar_1
D:4:      layout_basic, minmay_ogre_servants

Skill      XL: |  1  2  3  4  5  6 |
---------------+-------------------+-----
Stealth        | 3 4 |  4.4
Dodging        | 3 4 |  4.0
Fighting       | 1 |  1.9
Conjurations   | 2 |  2.8
Spellcasting   | 4 |  4.6
Fire Magic     | 4 |  4.4

Action                   |  1- 3 |  4- 6 || total
-------------------------+-------+-------++-------
Melee: Unarmed           |     1 |       ||     1
       Dagger            |       |     3 ||     3
 Cast: Foxfire           |    61 |   101 ||   162
Armor: Robe              |     4 |    18 ||    22
Dodge: Dodged            |    26 |    51 ||    77
